[Event "*** Titled Tuesday Blitz"]
[Site "Chess.com"]
[Date "2020.04.21"]
[Round "7"]
[White "Philosopherrr"]
[Black "Obito24"]
[Result "1-0"]
[WhiteElo "2495"]
[BlackElo "2630"]
[TimeControl "180+1"]
[EndTime "11:22:43 PDT"]
[Termination "Philosopherrr won on time"]

1. e4 e6 2. d4 c5 3. Nf3 cxd4 4. Nxd4 a6 5. Nc3 Qc7 6. g3 Nf6 7. Bg2 d6 8. O-O Be7 9. Re1 O-O 10. a4 Nc6 11.
Be3 Bd7 12. Nxc6 Bxc6 13. a5 Rac8 14. Bb6 Qb8 15. Bd4 Rfd8 16. Nd5 Bxd5 17. exd5 e5 18.
Bb6 Rf8 19. b3 Nd7 20. Be3 f5 21. c4 e4 22. f4 exf3 23. Bxf3 Ne5 24. Bd4 Bf6 25.
Bg2 Rce8 26. Ra2 Qc7 27. Rf1 Ng4 28. Bb6 Qd7 29. Re2 g6 30. Bh3 Rxe2 31. Qxe2 Ne5 32.
Bg2 Re8 33. Qd2 Qe7 34. c5 Bg5 35. Qd1 Ng4 36. cxd6 Be3+ 37. Kh1 Qxd6 38. Qe2 Re7 39. Bxe3 Nxe3 40. Re1 Kf8 41. Bf3 Nxd5 42. Qd1 Rxe1+ 43.
Qxe1 Qd7 44. Qd2 1-0

[Event "*** Titled Tuesday Blitz"]
[Site "Chess.com"]
[Date "2020.04.21"]
[Round "7"]
[White "eightbyeightchess"]
[Black "WhiteKnight2612"]
[Result "1-0"]
[WhiteElo "2479"]
[BlackElo "2635"]
[TimeControl "180+1"]
[EndTime "11:22:44 PDT"]
[Termination "eightbyeightchess won on time"]

1. e4 e5 2. Nf3 Nc6 3. Bb5 a6 4.
Ba4 Nf6 5. d4 exd4 6. O-O Be7 7.
Re1 b5 8. Bb3 d6 9. Bd5 Nxd5 10.
exd5 Ne5 11. Nxd4 Bd7 12. a4 O-O 13. Nc3 b4 14. Ne4 Re8 15. b3 a5 16. Bb2 Bf8 17.
f4 Ng6 18. Qf3 Qc8 19. Qf2 Qb7 20. f5 Ne5 21. Nf3 f6 22. Rad1 Rad8 23. Nd4 Qxd5 24. Ne6 Qb7 25. Nxd8 Rxd8 26. Bxe5 dxe5 27. Rd3 Be7 28.
Qd2 Qc6 29. Rd1 Qxe4 30. Rxd7 Bc5+ 31. Kh1 Rxd7 32. Qxd7 Bd6 33. Qe8+ Bf8 34. Qe6+ Kh8 35. Qf7 Qa8 36. Qxc7 h6 37. Rd8 Qe4 38. Rxf8+ Kh7 39. Qc5 Qxf5 40. h3 Qf1+ 41. Qg1 Qe2 42. Rd8 Qxc2 43.
Qd1 Qf5 44. Qf3 Qb1+ 45. Kh2 Qg6 46. Qd3 e4 47. Qg3 Qf5 48. Re8 1-0

[Event "*** Titled Tuesday Blitz"]
[Site "Chess.com"]
[Date "2020.04.21"]
[Round "7"]
[White "Tpros"]
[Black "eldidi20"]
[Result "0-1"]
[WhiteElo "2385"]
[BlackElo "2198"]
[TimeControl "180+1"]
[EndTime "11:22:44 PDT"]
[Termination "eldidi20 won by resignation"]

1. c4 c5 2. Nc3 Nc6 3. g3 g6 4. Bg2 Bg7 5. d3 e5 6. e3 d6 7. Nge2 h5 8. h4 Nge7 9. a3 Be6 10. Nd5 O-O 11. Nec3 Kh7 12. Nxe7 Qxe7 13. Nd5 Qd7 14.
Bd2 f5 15. Bc3 Bxd5 16. Bxd5 Rae8 17. Qa4 a6 18. O-O-O Rb8 19. f4 Qc8 20. fxe5 Nxe5 21. Qc2 b5 22. cxb5 axb5 23. Kb1 Qa6 24. Bxe5 Bxe5 25.
d4 cxd4 26. exd4 Bg7 27. Qb3 Qa7 28. Rhe1 Bxd4 29. Re6 Be5 30. Rc1 Rfc8 31. Rd1 Rc7 32. g4 hxg4 33. h5 gxh5 34. Qd3 Qf2 35. Rd2 Qf4 36. Rd1 Rf8 37. Rf1 Qg5 38. Rh1 Kg7 39.
Rf1 h4 40. Qxb5 h3 41. Qb6 Rff7 42. Rxe5 dxe5 43. Bxf7 Rxf7 44. Qe6 f4 45. Rg1 h2 46.
Rxg4 h1=Q+ 47. Ka2 Qh6 48. Rxg5+ Qxg5 0-1

[Event "*** Titled Tuesday Blitz"]
[Site "Chess.com"]
[Date "2020.04.21"]
[Round "7"]
[White "Harut-1998"]
[Black "eljanov"]
[Result "1/2-1/2"]
[WhiteElo "2647"]
[BlackElo "2804"]
[TimeControl "180+1"]
[EndTime "11:22:45 PDT"]
[Termination "Game drawn - insufficient material"]

1. d4 Nf6 2. Nf3 d5 3. Bf4 e6 4. e3 Bd6 5. Bg3 c5 6. Nbd2 O-O 7. c3 Qc7 8. Ne5 b6 9. f4 Ba6 10. Bxa6 Nxa6 11. Bh4 Nd7 12. O-O f6 13. Nxd7 Qxd7 14.
a4 Nb8 15. Qe2 Nc6 16. Qa6 Rae8 17. Bg3 e5 18. fxe5 fxe5 19. dxc5 Bxc5 20. Qe2 d4 21. Qc4+ Qe6 22. Rxf8+ Bxf8 23. Qxe6+ Rxe6 24. Ne4 dxc3 25. Nxc3 Bc5 26. Kf2 Nb4 27. Rd1 Nc2 28. Rd3 e4 29. Rd8+ Kf7 30. Rd7+ Ke8 31. Rxg7 Nxe3 32. Ke2 h5 33.
Bf2 Nf5 34. Rxa7 Bxf2 35. Kxf2 e3+ 36. Ke2 Nd4+ 37. Kd3 e2 38. Nxe2 Nxe2 39. Rb7 Nf4+ 40. Kc4 Nxg2 41. Kb5 Ne3 42. Rxb6 Rxb6+ 43. Kxb6 Nc4+ 44.
Kb5 Nxb2 45. a5 Kd7 46. a6 Kc7 47. Kc5 Nd3+ 48. Kd4 Nf2 49. Ke5 Ng4+ 50. Kf4 Nxh2 51. Kg5 Kb6 52. Kxh5 Kxa6 1/2-1/2

[Event "*** Titled Tuesday Blitz"]
[Site "Chess.com"]
[Date "2020.04.21"]
[Round "7"]
[White "BursaBBSatranc"]
[Black "EugeneRougon"]
[Result "1-0"]
[WhiteElo "2533"]
[BlackElo "2695"]
[TimeControl "180+1"]
[EndTime "11:22:45 PDT"]
[Termination "BursaBBSatranc won on time"]

1. d4 d6 2. Bf4 g6 3. e3 Bg7 4. Nf3 Nf6 5. h3 O-O 6. Be2 b6 7.
O-O Bb7 8. c3 Nbd7 9. Nbd2 Qe8 10. Bh2 e5 11. Nc4 e4 12. Nfd2 Nd5 13. a4 a6 14. Qb3 Rb8 15. Na3 a5 16. Nb5 Rc8 17. Bxd6 cxd6 18. Nxd6 Qe6 19. Nxb7 Rb8 20. Nxe4 Nxe3 21.
Qxe6 fxe6 22. fxe3 Rxb7 23. Bc4 Rxf1+ 24. Rxf1 Nf8 25. d5 Rc7 26. Bb3 exd5 27. Bxd5+ Kh8 28. Ng5 h6 29. Nf7+ Kh7 30. e4 Re7 31. h4 Nd7 32. h5 Nf6 33. hxg6+ Kxg6 34. Nd6 Nxd5 35. exd5 Rd7 36. Nc4 Rxd5 37. Nxb6 Rd2 38. Rf2 Rd1+ 39.
Kh2 Be5+ 40. g3 Rd3 41. Rg2 Bc7 42. Nc4 h5 43. Kh3 Kg5 44. Nd2 h4 45. Ne4+ Kh5 46. Re2 1-0

[Event "*** Titled Tuesday Blitz"]
[Site "Chess.com"]
[Date "2020.04.21"]
[Round "7"]
[White "narutosmith"]
[Black "RubensCezila"]
[Result "0-1"]
[WhiteElo "2254"]
[BlackElo "2421"]
[TimeControl "180+1"]
[EndTime "11:22:45 PDT"]
[Termination "RubensCezila won on time"]

1. c4 Nf6 2. Nc3 g6 3. g3 Bg7 4.
Bg2 O-O 5. Rb1 a5 6. a3 d6 7. b4 axb4 8. axb4 e5 9. d3 c6 10. Nf3 h6 11. O-O Be6 12. b5 Nbd7 13. Qb3 Nc5 14.
Qb2 Nfd7 15. Qc2 f5 16. Ne1 Qc7 17. f4 exf4 18. gxf4 Nf6 19. Bd2 Nh5 20. e3 Nf6 21. Nf3 Rfe8 22. Nd4 Bd7 23. Ra1 Rxa1 24. Rxa1 Ng4 25.
Re1 Nxe3 26. Bxe3 Bxd4 27. Qd2 Bg7 28. d4 Ne4 29. Nxe4 fxe4 30. bxc6 bxc6 31. f5 Bxf5 32.
Bxh6 d5 33. Bxg7 Qxg7 34. cxd5 cxd5 35. Qa5 Qxd4+ 36. Kh1 Qe5 37. Qa7 d4 38. Qa2+ Qe6 39. Qa4 d3 40. Re3 d2 41. Qd1 Rd8 42. Kg1 Qd5 43.
Kf2 Qd4 44. Ke2 Bg4+ 45. Kf2 Bxd1 0-1

[Event "*** Titled Tuesday Blitz"]
[Site "Chess.com"]
[Date "2020.04.21"]
[Round "7"]
[White "losersgame"]
[Black "politeplayer"]
[Result "1-0"]
[WhiteElo "2346"]
[BlackElo "2174"]
[TimeControl "180+1"]
[EndTime "11:22:46 PDT"]
[Termination "losersgame won by checkmate"]

1. d4 e6 2. c4 d5 3. Nf3 Nf6 4. g3 c5 5. cxd5 exd5 6. Bg2 Nc6 7. Nc3 Be7 8. O-O O-O 9. Be3 c4 10. Ne5 Be6 11. Nxc4 dxc4 12. d5 Nxd5 13. Nxd5 Bf6 14.
Nxf6+ Qxf6 15. Qc2 Rac8 16. Qc3 Qxc3 17. bxc3 a6 18. Bb6 Ne7 19. Rfd1 Bg4 20. f3 Be6 21. f4 Bg4 22. Kf2 Rfe8 23. Rd2 h5 24. a4 h4 25. a5 h3 26. Bxb7 Rb8 27. Bxa6 Nf5 28. Bxc4 g5 29. fxg5 Kg7 30. Bd5 Nd6 31. Bc7 Rb5 32.
Bxd6 Rxd5 33. Rxd5 Rxe2+ 34. Kg1 Rg2+ 35. Kf1 Rxh2 36. Be5+ Kg6 37. c4 Re2 38. Rd6+ Kxg5 39. Bf4+ Kf5 40. Rd5+ Kg6 41. Rg5+ Kf6 42. Rxg4 Rc2 43.
Kg1 Kf5 44. Rh4 h2+ 45. Rxh2 Rxc4 46. Rd2 Kg4 47. Kg2 f5 48. a6 Re4 49. a7 Re6 50.
a8=Q Re8 51. Qc6 Re2+ 52. Rxe2 Kh5 53. Qh6+ Kg4 54. Qg5# 1-0

[Event "*** Titled Tuesday Blitz"]
[Site "Chess.com"]
[Date "2020.04.21"]
[Round "7"]
[White "Pomegranate988"]
[Black "Danfii"]
[Result "0-1"]
[WhiteElo "2475"]
[BlackElo "2318"]
[TimeControl "180+1"]
[EndTime "11:22:47 PDT"]
[Termination "Danfii won by resignation"]

1. d4 Nf6 2. c4 e6 3. Nf3 b6 4. g3 Ba6 5. Nbd2 d5 6. Qc2 Be7 7. Bg2 O-O 8. O-O Nbd7 9. Re1 c5 10. e4 cxd4 11. e5 Ne8 12. cxd5 d3 13. Qd1 exd5 14.
Nb3 Nc5 15. Nbd4 Nc7 16. Nc6 Qd7 17. Nxe7+ Qxe7 18. Bg5 Qd7 19. Be3 N7e6 20. Nd4 Rac8 21. Bh3 Qe7 22. Nf5 Qc7 23. Nd6 Rcd8 24. Rc1 Rxd6 25.
exd6 Qxd6 26. f3 Rd8 27. Qd2 Nd7 28. Bg2 Ne5 29. b3 d4 30. Bf2 Nc6 31. Re4 Ne7 32.
Bf1 Qa3 33. Bxd3 Bxd3 34. Qxd3 Qxc1+ 35. Re1 Qc6 36. f4 Nd5 37. h4 Nc3 38. a4 Nc5 39.
Qc4 g6 40. Bxd4 N3e4 41. Re3 Qe6 42. Qxe6 Nxe6 43. Be5 N4c5 44. Kg2 Rd3 45. Rxd3 Nxd3 46. Bd6 Ndc5 47. Bb8 a5 48. Ba7 Nd7 49. Kf3 Nd8 50. Ke4 Nc6 51. Kd5 Nxa7 52. Kd6 Nc5 53. Kc7 Nxb3 54.
Kb7 Nc5+ 55. Kxa7 Nxa4 56. Ka6 Nc5+ 0-1

[Event "*** Titled Tuesday Blitz"]
[Site "Chess.com"]
[Date "2020.04.21"]
[Round "7"]
[White "Firehand33"]
[Black "amintabatabaei"]
[Result "1/2-1/2"]
[WhiteElo "2669"]
[BlackElo "2821"]
[TimeControl "180+1"]
[EndTime "11:22:51 PDT"]
[Termination "Game drawn - timeout vs insufficient material"]

1. g3 g6 2. Bg2 Bg7 3. c4 d6 4. Nc3 Nd7 5. e3 Ngf6 6. Nge2 O-O 7. O-O e5 8. d3 Re8 9. e4 c6 10. h3 a6 11. Be3 b5 12. b3 Bb7 13. Qd2 Nb6 14.
Rad1 b4 15. Nb1 a5 16. f4 Nfd7 17. f5 Nc5 18. g4 Qc7 19. Bh6 Bh8 20. Ng3 d5 21.
Qf2 Qe7 22. f6 Qd6 23. Nf5 gxf5 24. Qxf5 Bxf6 25. Qxf6 Qxf6 26. Rxf6 dxe4 27. dxe4 Rad8 28. Rdf1 Re6 29. Be3 Rxf6 30. Rxf6 Rd1+ 31. Rf1 Rxf1+ 32. Kxf1 Nbd7 33. Ke2 Ne6 34. Nd2 c5 35. g5 Kg7 36.
h4 Nd4+ 37. Kd3 Nf8 38. h5 Nfe6 39. Nf3 Nxf3 40. Bxf3 f6 41. gxf6+ Kxf6 42. Bg4 Nd4 43. Bd7 Ke7 44. Bf5 Nxf5 45. exf5 e4+ 46. Kd2 Kf6 47. Bxc5 Kxf5 48. Bb6 a4 49. Bc5 axb3 50. axb3 Kg5 51. Bxb4 Kxh5 52. Ke3 Kg4 53. Bd6 Kf5 54. b4 h5 55. b5 h4 56. c5 Ke6 57. Kd4 h3 58. Bg3 Kd7 59. c6+ Bxc6 60. bxc6+ Kxc6 61. Kxe4 1/2-1/2

[Event "*** Titled Tuesday Blitz"]
[Site "Chess.com"]
[Date "2020.04.21"]
[Round "7"]
[White "PredragNikac"]
[Black "Olga_Girya"]
[Result "0-1"]
[WhiteElo "2273"]
[BlackElo "2467"]
[TimeControl "180+1"]
[EndTime "11:22:51 PDT"]
[Termination "Olga_Girya won by resignation"]

1. d4 d5 2. Nc3 Nf6 3. Bg5 Nbd7 4. e3 c5 5. f4 cxd4 6. exd4 Qb6 7. Bb5 a6 8. Bxd7+ Bxd7 9. Bxf6 gxf6 10. Nge2 e6 11. O-O f5 12. Qe1 Bg7 13. Rd1 Bf6 14. Kh1 h5 15.
Nxd5 exd5 16. Nc3+ Qe6 17. Nxd5 O-O-O 18. Qxe6 fxe6 19. Nxf6 Bc6 20. d5 exd5 21. Rfe1 Rd6 22. Nxh5 Rxh5 23. Rd4 Rhh6 24. h3 Rde6 25. Red1 Re2 26.
R4d2 Rhe6 27. Kh2 d4 28. Kg3 R6e3+ 29. Kh4 Rxg2 30. Rxg2 Bxg2 31. Rxd4 Bxh3 32. Kg5 Bg4 33. Rc4+ Kb8 34. b4 Ka7 35. a4 Kb6 36. c3 Re1 37. Rc5 Rg1 38. a5+ Ka7 39. Kf6 Rd1 40. Ke5 Re1+ 41. Kf6 Re4 42. Kg5 Bh3 43. Rc7 Kb8 44.
Rc5 Bg4 45. Re5 Rxe5 46. fxe5 Kc7 47. c4 Kd7 48. c5 Ke6 49. Kf4 Be2 50. Ke3 Bb5 51.
Kf4 Bc6 0-1

[Event "*** Titled Tuesday Blitz"]
[Site "Chess.com"]
[Date "2020.04.21"]
[Round "7"]
[White "Gabrielian_Artur"]
[Black "UCantHandleDenker"]
[Result "0-1"]
[WhiteElo "2693"]
[BlackElo "2540"]
[TimeControl "180+1"]
[EndTime "11:22:52 PDT"]
[Termination "UCantHandleDenker won by resignation"]

1. d4 Nf6 2. Nf3 g6 3. Bf4 Bg7 4. e3 O-O 5. h3 d6 6. Be2 Nbd7 7. Nbd2 c5 8. O-O b6 9. a4 a6 10. c3 Bb7 11. Re1 Qc7 12. Bh2 Bc6 13. Bf1 Qb7 14.
b4 cxb4 15. cxb4 Ne4 16. b5 axb5 17. axb5 Bd5 18. Nxe4 Bxe4 19. Nd2 Rxa1 20. Qxa1 Bd5 21. Rc1 Nf6 22. f3 Ra8 23. Qc3 Qd7 24. Qc7 Qxc7 25.
Rxc7 Bh6 26. Rc3 Ra2 27. Nc4 Bxc4 28. Bxc4 Rb2 29. Kf1 Rb1+ 30. Kf2 Rb2+ 31. Kf1 Rb1+ 32. Kf2 Rb2+ 33. Be2 Nd5 34. Rc8+ Kg7 35. f4 e5 36. dxe5 dxe5 37. Rd8 Nc3 38. g4 Nxe2 39. Kf3 exf4 40. exf4 Nxf4 41. Bxf4 Rb3+ 42. Ke4 Rb4+ 43. Kd5 Bxf4 44.
Kc6 Be3 45. Re8 Rc4+ 46. Kd5 Rc3 47. h4 h6 48. h5 gxh5 49. gxh5 Bc5 50. Kc6 Rd3 0-1

[Event "*** Titled Tuesday Blitz"]
[Site "Chess.com"]
[Date "2020.04.21"]
[Round "7"]
[White "arctic_t00"]
[Black "FeketeBarika"]
[Result "1-0"]
[WhiteElo "2469"]
[BlackElo "2277"]
[TimeControl "180+1"]
[EndTime "11:22:53 PDT"]
[Termination "arctic_t00 won by resignation"]

1. Nf3 d5 2. g3 Bg4 3. Bg2 Nd7 4. O-O Ngf6 5. d3 e6 6. Nbd2 Be7 7. h3 Bh5 8. g4 Bg6 9. Nh4 O-O 10. e3 Re8 11. f4 Bd6 12. Ndf3 c5 13. Kh1 Rc8 14.
b3 c4 15. bxc4 dxc4 16. e4 cxd3 17. cxd3 Bxe4 18. dxe4 Nxe4 19. Qe1 Ndc5 20. Ne5 Be7 21. g5 Qd4 22. Be3 Qa4 23. Rd1 Red8 24. Rxd8+ Rxd8 25. Nhf3 Nd3 26. Qh4 Nxe5 27. Nxe5 Rd1 28. Rxd1 Qxd1+ 29. Kh2 Nc3 30. Qf2 b6 31. Bf3 Qa4 32. Nc6 Bf8 33. Bd2 Ne4 34. Qe2 Nxd2 35. Qxd2 Qc4 36. Kg3 h5 37.
Qd8 h4+ 38. Kg4 g6 39. Ne7+ Kg7 40. Nc6 Kg8 41. Ne7+ Kg7 42. Nxg6 fxg6 43. Qf6+ Kg8 44. Qxg6+ Bg7 45. Qe8+ Kh7 46. Qa8 e5 47. Be4+ 1-0

[Event "*** Titled Tuesday Blitz"]
[Site "Chess.com"]
[Date "2020.04.21"]
[Round "7"]
[White "AustrianFalcon"]
[Black "Yaacovn"]
[Result "1-0"]
[WhiteElo "2633"]
[BlackElo "2814"]
[TimeControl "180+1"]
[EndTime "11:22:54 PDT"]
[Termination "AustrianFalcon won on time"]

1. e4 c6 2. d4 d5 3. e5 Bf5 4.
h4 Qb6 5. a4 a6 6. a5 Qc7 7. g4 Bd7 8. b4 h5 9. g5 Bf5 10. Bd3 Bxd3 11. Qxd3 e6 12. c3 Ne7 13.
Ne2 g6 14. Nd2 Bg7 15. Nf1 O-O 16. Nfg3 Nd7 17. Bf4 b6 18. O-O Rfc8 19. axb6 Qxb6 20. Ra5 Ra7 21. Rfa1 Rca8 22. Be3 Qb7 23. Nf4 Nb6 24.
Kg2 Nc4 25. Qe2 Nxa5 26. Rxa5 Qd7 27. Bc1 Rb7 28. Nfxh5 gxh5 29. Qxh5 Nf5 30. Qg4 Nxg3 31.
fxg3 c5 32. Rxc5 Rb5 33. h5 Rxc5 34. bxc5 Qa4 35. Be3 Qc2+ 36. Bf2 Qe4+ 37. Qxe4 dxe4 38. h6 Bf8 39. c4 a5 40. d5 exd5 41. cxd5 Be7 42.
d6 Bxg5 43. c6 e3 44. c7 Bd8 45. cxd8=Q+ Rxd8 46. Bxe3 a4 47. Kf3 a3 48. Bd4 a2 49.
Ke4 Kh7 50. Kf5 Rd7 51. Kf6 1-0

[Event "*** Titled Tuesday Blitz"]
[Site "Chess.com"]
[Date "2020.04.21"]
[Round "7"]
[White "Indianlad"]
[Black "DoHoChess"]
[Result "1-0"]
[WhiteElo "2980"]
[BlackElo "2559"]
[TimeControl "180+1"]
[EndTime "11:22:54 PDT"]
[Termination "Indianlad won on time"]

1. Nf3 d5 2. e3 c5 3. b3 Nc6 4. Bb5 Bd7 5. Bb2 Nf6 6. O-O e6 7. d3 Be7 8. Nbd2 O-O 9. Bxc6 Bxc6 10. Ne5 Qc7 11. f4 Nd7 12. Qg4 Nf6 13. Qh3 Ne8 14. Ndf3 Nd6 15. Ng5 h6 16. Nxe6 fxe6 17. Qxe6+ Nf7 18.
Ng4 Qd6 19. Nxh6+ gxh6 20. Qg4+ Ng5 21. fxg5 Qg6 22. h4 hxg5 23. h5 Qh6 24. Be5 Rxf1+ 25. Rxf1 Rf8 26. Rxf8+ Bxf8 27. d4 cxd4 28. exd4 Be8 29.
Qc8 Qc6 30. Qf5 Bxh5 31. Qxg5+ Qg6 32. Qh4 Bf3 33. Qh3 Be4 34. c4 Bh6 35. Qc8+ Bf8 36. Qh3 Bg7 37. cxd5 Bxd5 38. Qc8+ Kh7 39. Qh3+ Kg8 40.
Qc8+ Bf8 41. Qh3 Be6 42. Qh8+ Kf7 43. Qh4 Bd5 44. Qh3 Be7 45. Kh2 Bc6 46. Kg1 Bd5 47.
Kh2 Be6 48. Qf3+ Qf5 49. Qxb7 Qh5+ 50. Kg1 Qd1+ 51. Kf2 Qd2+ 52. Kg3 Qe1+ 53. Kf3 Qd1+ 54. Ke3 Qe1+ 55. Kf4 1-0

[Event "*** Titled Tuesday Blitz"]
[Site "Chess.com"]
[Date "2020.04.21"]
[Round "7"]
[White "Ekka83"]
[Black "velemajstor767276"]
[Result "0-1"]
[WhiteElo "2263"]
[BlackElo "2508"]
[TimeControl "180+1"]
[EndTime "11:22:54 PDT"]
[Termination "velemajstor767276 won by checkmate"]

1. e4 c5 2. Nf3 e6 3. a3 b6 4. Bc4 Bb7 5. d3 d6 6. O-O Nf6 7. Nc3 Be7 8. Bg5 O-O 9. h3 a6 10. Ba2 Nbd7 11. Ne2 d5 12. e5 Ne8 13. h4 Bxg5 14.
hxg5 d4 15. g6 hxg6 16. Nf4 Bxf3 17. Qxf3 Nxe5 18. Qe4 Nd7 19. Nxe6 Nef6 20. Qxg6 fxe6 21. Bxe6+ Kh8 22. Rae1 Qe8 23. Qg3 Qh5 24. f3 Rae8 25. Kf2 Rxe6 26. Rh1 Rxe1 27. Rxh5+ Nxh5 28. Qh4 Re5 29. g4 Nf6 30. gxh5 Nxh5 31. c3 dxc3 32. bxc3 Ref5 33.
Ke2 Re8+ 34. Kd2 Kg8 35. Qc4+ Kh7 36. Qg4 Ref8 37. d4 cxd4 38. cxd4 R8f6 39. Kc3 Nf4 40. Qh4+ Kg6 41. Qg4+ Kf7 42. Kb4 Nd5+ 43. Kb3 b5 44. f4 Nxf4 45. Qf3 Nd5 46. Qe4 Rf3+ 47. Kc2 Rf2+ 48. Kd1 Nc3+ 49. Ke1 Nxe4 50. d5 Nd6 51. a4 R2f3 52. Ke2 Rb3 53. axb5 axb5 54. Kd2 Ra3 55. Ke1 Rh3 56. Kd1 Rf2 57. Ke1 Ra2 58. Kf1 Rh1# 0-1

[Event "*** Titled Tuesday Blitz"]
[Site "Chess.com"]
[Date "2020.04.21"]
[Round "7"]
[White "semchik73"]
[Black "qqwow"]
[Result "1/2-1/2"]
[WhiteElo "2281"]
[BlackElo "2453"]
[TimeControl "180+1"]
[EndTime "11:22:54 PDT"]
[Termination "Game drawn by repetition"]

1. Nf3 d5 2. c4 d4 3. e3 c5 4. b4 f6 5. bxc5 e5 6. Nxe5 fxe5 7. Qh5+ Kd7 8. Qxe5 Nc6 9. Qd5+ Ke8 10. exd4 Qxd5 11.
cxd5 Nxd4 12. Bd3 Bxc5 13. Nc3 Nf6 14. Na4 Bd6 15. Bb2 Nf5 16. O-O Kf7 17. Rac1 Bd7 18.
Nc5 Bxc5 19. Rxc5 Rac8 20. Rfc1 Rxc5 21. Rxc5 Rc8 22. Ra5 a6 23. f3 Nd6 24. Bd4 Nc4 25. Rc5 Rxc5 26. Bxc5 Nxd2 27. Kf2 Bb5 28. Bf5 Nc4 29.
Be6+ Ke8 30. d6 Nd7 31. Bd4 g6 32. a4 Nxd6 33. axb5 Nxb5 34. Be3 Ke7 35. Bg8 h5 36. Bd5 Nd6 37. Bf4 b5 38. Ke2 a5 39. Kd3 Nc5+ 40. Kc2 b4 41. Be3 Ndb7 42. g4 hxg4 43. fxg4 Kd6 44. Bf3 a4 45. h4 Na5 46. h5 gxh5 47. gxh5 Nc4 48. Bxc5+ Kxc5 49. h6 b3+ 50. Kc3 Ne5 51. Be4 Nf7 52. h7 Nh8 53. Bf5 Kd6 54. Bd3 Kc5 55. Bf5 Kb5 56. Bd7+ Ka5 57. Bf5 Kb5 58. Bd7+ Ka5 59. Bf5 Nf7 60. Be6 Nh8 61. Bf5 1/2-1/2

[Event "*** Titled Tuesday Blitz"]
[Site "Chess.com"]
[Date "2020.04.21"]
[Round "7"]
[White "aaronmaster123"]
[Black "Jeffinho023"]
[Result "0-1"]
[WhiteElo "2300"]
[BlackElo "2489"]
[TimeControl "180+1"]
[EndTime "11:22:55 PDT"]
[Termination "Jeffinho023 won by resignation"]

1. Nf3 Nf6 2. g3 g6 3. Bg2 Bg7 4. c4 O-O 5. O-O c5 6. d4 cxd4 7. Nxd4 Nc6 8. Nc2 Qa5 9. e4 d6 10. Nc3 Bg4 11. f3 Be6 12. Ne3 Ne5 13. Qe2 Rac8 14.
Ncd5 Nxd5 15. Nxd5 Bxd5 16. cxd5 Rc7 17. Bd2 Rc2 18.
Bxa5 Rxe2 19. Bc3 Rc8 20. Rfd1 Nc4 21. Bf1 Rc2 22. Bd3 Nxb2 23. Bxc2 Nxd1 24. Bxg7 Rxc2 25. Bd4 Nc3 26. Bxa7 Rxa2 27. Rxa2 Nxa2 28. Kf2 Kf8 29. Bb6 Nb4 30. Ke2 Ke8 31. Kd2 Kd7 32. Kc3 Na6 33.
Kc4 Nc7 34. h4 Ne8 35. Kb5 e6 36. Bd4 exd5 37. exd5 Nc7+ 38. Kc4 b5+ 39. Kb4 Nxd5+ 40.
Kxb5 Ke6 41. Kc4 Ne7 42. Kd3 Nf5 43. Bf2 h5 44. g4 Ne7 45. Ke4 Ng8 46. Kf4 Nf6 47. Kg5 hxg4 48. Bd4 gxf3 49. Kf4 Nh5+ 50. Kxf3 Kf5 51. Bc3 Nf6 52. Bb4 d5 53. Bc3 Nd7 54. Bd4 Ne5+ 55. Ke3 Nc6 56. Bc5 d4+ 57. Bxd4 Nxd4 58.
Kxd4 Kg4 59. Ke5 Kxh4 60. Kf6 g5 61. Kf5 g4 62. Kf4 g3 63. Kf3 Kh3 64. Kf4 Kh2 0-1

[Event "*** Titled Tuesday Blitz"]
[Site "Chess.com"]
[Date "2020.04.21"]
[Round "7"]
[White "avocadosheena"]
[Black "JLRHei"]
[Result "0-1"]
[WhiteElo "2111"]
[BlackElo "2266"]
[TimeControl "180+1"]
[EndTime "11:22:57 PDT"]
[Termination "JLRHei won on time"]

1. d4 Nf6 2. c4 c5 3. d5 e6 4. Nc3 exd5 5. cxd5 d6 6. Nf3 g6 7. Bf4 Nh5 8. Bd2 f5 9. e3 Bg7 10. Bc4 O-O 11. O-O a6 12. a4 Nd7 13. a5 Ne5 14. Nxe5 Bxe5 15. Na4 Rb8 16. Nb6 Bxb2 17. Rb1 Be5 18. f4 Bg7 19. Qf3 Nf6 20. Bc3 Qe7 21.
Rfe1 Re8 22. Bd3 Ne4 23. Bxg7 Qxg7 24. Bxe4 Rxe4 25. Rbc1 Bd7 26. Rc4 Rbe8 27. Rxe4 Rxe4 28. Qd1 Bb5 29. Qb3 Qe7 30. Kf2 Rb4 31. Qc3 Re4 32.
Qb3 Qg7 33. g3 Qf6 34. Re2 h5 35. Qb2 Qxb2 36. Rxb2 Kf7 37. Kf3 Ke7 38. h3 Rb4 39. Rc2 Rb3 40. Rd2 Ra3 41. Nc8+ Kd7 42. Nb6+ Kc7 43.
g4 hxg4+ 44. hxg4 Rxa5 45. gxf5 gxf5 46. Na8+ Kb8 47. Nb6 Ra1 48. Rh2 a5 49. Rh8+ Ka7 50. Nc8+ Ka6 51. Nxd6 Bd3 52. Ra8+ Kb6 53. Nc8+ Kb5 54.
d6 Be4+ 55. Kg3 Rg1+ 56. Kf2 Rd1 57. d7 Rxd7 58. Na7+ Kb4 59. Rb8 Rd2+ 0-1

[Event "*** Titled Tuesday Blitz"]
[Site "Chess.com"]
[Date "2020.04.21"]
[Round "7"]
[White "RichardWe"]
[Black "northridgehawk"]
[Result "0-1"]
[WhiteElo "2389"]
[BlackElo "2229"]
[TimeControl "180+1"]
[EndTime "11:22:58 PDT"]
[Termination "northridgehawk won on time"]

1. d4 Nf6 2. c4 g6 3. Nc3 d5 4. e3 Bg7 5. Nf3 O-O 6. cxd5 Nxd5 7. Bc4 Nb6 8. Bb3 Nc6 9. O-O Bg4 10. h3 Bxf3 11.
Qxf3 e5 12. dxe5 Nxe5 13. Qxb7 Nd3 14. Rd1 Nc5 15. Rxd8 Nxb7 16. Rxa8 Rxa8 17. e4 Rd8 18. Be3 Nd6 19. Rd1 Rd7 20. f4 Re7 21. e5 Nf5 22. Bc5 Re8 23. Ne4 h6 24. g4 Nh4 25.
Bf2 g5 26. Bxh4 gxh4 27. Kf2 Kf8 28. Kf3 Ke7 29. g5 hxg5 30. Nxg5 f6 31. Ne6 Bh6 32. Nxc7 Rf8 33. Ne6 Rf7 34. Nd4 fxe5 35. Bxf7 exd4 36. Bb3 Bg7 37. Kg4 Bf6 38. Kf5 Bg7 39. Kg6 Bh8 40.
f5 Nd7 41. Re1+ Ne5+ 42. Kh5 Bf6 43. Bd1 d3 44. Re4 Kd6 45. b4 Kd5 46. Rxh4 Bxh4 47. Kxh4 Nc4 48. Kg5 Ne3 49. Bf3+ Ke5 50. f6 Ke6 51. Kg6 Nc4 52. f7 Ne5+ 53. Kg7 Nxf7 0-1

[Event "*** Titled Tuesday Blitz"]
[Site "Chess.com"]
[Date "2020.04.21"]
[Round "7"]
[White "nabukatnezarr"]
[Black "GMMarcinDziuba"]
[Result "0-1"]
[WhiteElo "2496"]
[BlackElo "2693"]
[TimeControl "180+1"]
[EndTime "11:22:59 PDT"]
[Termination "GMMarcinDziuba won on time"]

1. d4 Nf6 2. c4 g6 3. Nc3 Bg7 4. e4 d6 5. h3 a6 6. Be3 c6 7. a4 a5 8. Nf3 Na6 9. Be2 O-O 10. O-O Bd7 11. Qd2 Qc7 12. Rfd1 e5 13. Rac1 exd4 14. Bxd4 Rfe8 15. Qf4 Nh5 16. Qh2 Bxd4 17.
Nxd4 Nc5 18. Bxh5 gxh5 19. f3 Be6 20. Nde2 Bxc4 21. Nf4 Qe7 22. Nxh5 Qg5 23. Ng3 Be6 24. Nge2 Qe3+ 25. Kh1 Nd3 26. Rxd3 Qxd3 27. Rd1 Qe3 28.
Qxd6 Rad8 29. Qg3+ Kf8 30. Rd6 Qc5 31. Rxd8 Rxd8 32.
Nf4 Qd6 33. Qh4 Re8 34. Qh6+ Ke7 35. Qg5+ Kd7 36. Qf6 Kc8 37. e5 Qd8 38. Ne4 Qxf6 39. exf6 Kc7 40. Ng5 Bb3 41. Nxh7 Bxa4 42. Ng5 Bb3 43.
Nd3 a4 44. f4 b5 45. Nc5 Bc4 46. Na6+ Kb6 47. Nb4 Re3 48. Nc2 Re2 49. Nd4 Rxb2 50. h4 a3 51. h5 a2 52. h6 a1=Q+ 53. Kh2 Qa2 0-1

[Event "*** Titled Tuesday Blitz"]
[Site "Chess.com"]
[Date "2020.04.21"]
[Round "7"]
[White "ElGasanov"]
[Black "Alexchess1984"]
[Result "1-0"]
[WhiteElo "2742"]
[BlackElo "2572"]
[TimeControl "180+1"]
[EndTime "11:23:00 PDT"]
[Termination "ElGasanov won on time"]

1. d4 Nf6 2. Nf3 g6 3. Bg5 Bg7 4. e3 O-O 5. Be2 c5 6. c3 Qc7 7. Nbd2 d6 8. O-O b6 9. a4 a6 10. h3 Bb7 11. Qb1 Nbd7 12. b4 Rab8 13. Rc1 Rfc8 14. Bf4 Qd8 15. Qb2 cxb4 16. cxb4 Rxc1+ 17. Rxc1 Rc8 18. b5 a5 19. Nc4 Nd5 20. Bg5 Qe8 21.
Nfd2 Nb4 22. Qb1 h6 23. Bh4 Kh7 24. Bg4 f5 25. Bf3 Bxf3 26. Nxf3 Qf7 27. Nfd2 d5 28. Nb2 Rxc1+ 29. Qxc1 e5 30. dxe5 Nxe5 31. Bd8 f4 32.
Bxb6 f3 33. Qc7 Qf5 34. Bd4 fxg2 35. Kxg2 Qg5+ 36. Kf1 Qf5 37. Kg2 Qg5+ 38. Kh2 Qf5 39. f4 Nf7 40. Bxg7 Kxg7 41. b6 Qh5 42. Qc3+ Kh7 43. Nf1 Qe2+ 44. Kg1 Nc2 45. b7 d4 46. exd4 Ne1 47. Qxe1 Qxe1 48. b8=Q Qe4 49. Qb6 Qxf4 50. Nd3 Qf3 51. Qc7 Kg7 52. Ne5 1-0